Unix xNetHack Version 8.0.0 - last build Mar 23 2024 13:42:21 (1964348d4f5f1cf1067ea9968e02252fcc83c468). Game began 2024-03-09 10:37:34, ended 2024-03-23 18:25:13. HungryMotu, lawful male human Knight A A --------- |.......| |..aa.D.| |..a@*..| a|..a@...| |A@|...%...|A | |. ----|---- .| |.....@@a..a..| ---...a.@...--- -----|----- --+- --..a....-- ------...--------.........-- |..............|...........| |............0[--...@@....-- |...............--....@..-- |................----@---- - |............................| ------------------------------ HungryMotu the Paladin St:25 Dx:17 Co:18 In:13 Wi:18 Ch:18 Lawful S:1992431 Astral Plane $:301 HP:335(335) Pw:58(242) AC:-31 Xp:30/760583 T:46216 Fly Latest messages: The Angel of Moloch points at you, then curses. You caitiff! You hit the soldier ant with the chickatrice corpse. The soldier ant is slowing down. The soldier ant turns to stone. The Angel of Moloch points at you, then curses. Famine moves the Angel of Moloch out of the way! There is a high altar to Lugh (lawful) here. You hit the silver dragon with the chickatrice corpse. The silver dragon is slowing down. The silver dragon turns to stone. You stop. The high priestess of Lugh doesn't want to swap places. Famine moves the giant ant out of the way! The golden haze around you becomes less dense. What do you want to zap? [acfhklsuvx-zAEOT-VYZ or ?*] In what direction? The death ray misses Famine. You kill the fire ant! You hear a chugging sound. What do you want to zap? [acfhklsuvx-zAEOT-VYZ or ?*] In what direction? You kill Famine! K - a potion of healing {20}. What do you want to drink? [K or ?*] You feel better. What do you want to eat? [q or ?*] This tastes just like chicken! You stop eating the chickatrice corpse. You hear a rumbling noise. What do you want to eat? [q or ?*] You resume your meal. The priest of Brigit casts a spell! You stop eating the chickatrice corpse. The priest of Brigit summons insects! What do you want to eat? [q or ?*] You consume the last bite of your meal. You finish eating the chickatrice corpse. # What do you want to sacrifice? [o or ?*] You offer the Amulet of Yendor to Lugh... An invisible choir sings, and you are bathed in radiance... The voice of Lugh booms out: "Mortal, thou hast done well!" "In return for thy service, I grant thee the gift of Immortality!" You ascend to the status of Demigod... Do you want your possessions identified? [ynq] (y) Do you want to see your attributes? [ynq] (y) Do you want an account of creatures vanquished? [ynaq] (y) Do you want a list of species genocided? [ynaq] (y) Do you want to see your conduct and achievements? [ynq] (y) Do you want to see the dungeon overview? [ynq] (y) Inventory: Inventory: 902/1000 weight (49/52 slots) Coins $ - 301 gold pieces {3} Amulets R - an uncursed mithril amulet of flying (being worn) {14} Weapons M - the blessed rustproof +7 Excalibur (alternate weapon; not wielded) {40} Armor t - a blessed burnt very rotted +4 wooden helm of telepathy (being worn) {14} N - an uncursed thoroughly rusty +2 pair of gauntlets of power (being worn) {23} b - a blessed burnt +4 pair of speed boots (being worn) {15} G - a blessed corrodeproof +4 shield of reflection (being worn) {38} F - a blessed thoroughly burnt +4 leather cloak of displacement (being worn) {12} p - a blessed yellow-scaled +5 leather light armor (being worn) {113} Rings n - a blessed +2 ring of carrying {3} C - a blessed ring of free action (on right hand) {3} B - an uncursed ring of invisibility {3} H - an uncursed ring of levitation {3} I - an uncursed ring of poison resistance {3} X - an uncursed ring of polymorph control {3} Q - an uncursed ring of protection from shape changers {3} j - an uncursed ring of regeneration (on left hand) {3} w - an uncursed ring of shock resistance {3} D - an uncursed ring of stealth {3} e - an uncursed ring of warning {3} Wands O - a wand of cancellation (0:1) {7} U - a wand of cold (0:8) {7} u - a wand of cold (0:5) {7} x - a wand of death (1:3) {7} k - a wand of digging (0:6) {7} l - a wand of digging (0:4) {7} s - a wand of enlightenment (0:8) {7} Y - a wand of fire (0:4) {7} a - a wand of light (0:10) {7} v - a wand of light (0:1) {7} h - a wand of locking (0:8) {7} V - a wand of make invisible (0:2) {7} A - a wand of opening (0:4) {7} E - a wand of sleep (0:4) {7} c - a wand of speed monster (0:3) {7} Z - a blessed wand of striking (0:8) {7} z - a wand of striking (0:6) {7} T - a wand of striking (0:5) {7} y - a wand of teleportation (0:7) {7} f - a wand of teleportation (0:4) {7} Tools W - a blessed bag of holding containing 48 items {271} d - the Bell of Opening (1:2) {10} S - the uncursed Candelabrum of Invocation (0 of 7 candles attached) {10} L - a blessed crystal ball (0:2) {100} r - an uncursed iron magic lamp {18} g - the uncursed Magic Mirror of Merlin {13} J - an uncursed skeleton key {3} m - an uncursed moist towel {2} P - a blessed +0 unicorn horn {20} Gems/Stones i - a blessed luckstone {10} Contents of the bag of holding: 3386 gold pieces an uncursed gold amulet of flying an uncursed iron amulet of guarding an uncursed amulet of magical breathing an uncursed iron amulet of reflection an uncursed silver amulet of unchanging the rustproof +3 Snickersnee an uncursed burnt +0 cloak of magic resistance 3 blessed scrolls of blank paper 5 uncursed scrolls of blank paper 4 cursed scrolls of blank paper 2 uncursed scrolls of amnesia 2 uncursed scrolls of create monster a blessed scroll of enchant armor an uncursed scroll of enchant armor an uncursed scroll of enchant weapon a blessed scroll of food detection an uncursed scroll of food detection a blessed scroll of genocide a cursed scroll of gold detection an uncursed scroll of identify 3 uncursed scrolls of light a blessed scroll of remove curse 9 uncursed scrolls of remove curse an uncursed scroll of scare monster a cursed scroll of scare monster an uncursed scroll of taming a cursed scroll of teleportation 2 uncursed scrolls of water an uncursed spellbook of magic missile 9 potions of holy water a potion of unholy water an uncursed potion of enlightenment a cursed potion of healing a blessed potion of levitation an uncursed potion of object detection an uncursed potion of oil 3 uncursed potions of paralysis 3 blessed potions of restore ability 2 uncursed potions of restore ability 2 cursed potions of sickness an uncursed ring of levitation a wand of death (0:4) a wand of digging (0:5) a wand of wishing (0:1) 5 uncursed tallow candles a can of grease (0:4) 5 uncursed wax candles HungryMotu the Knight's attributes: Background: You were a Paladin, a level 30 male human Knight. You were lawful, on a mission for Lugh who was opposed by Brigit (neutral) and Manannan Mac Lir (chaotic). You were heterosexual. You were in the endgame, on the Astral Plane. You entered the dungeon 46216 turns ago. You had 760583 experience points. Your score was 1992431 before end-of-game adjustments. Basics: You had all 335 hit points. You had 58 out of 242 energy points (spell power). Your armor class was -31. Your wallet contained 301 zorkmids, and you had 3386 more stashed away in your pack. Autopickup was off. Final Characteristics: Your strength was 25 (base:18/28, innate limit:18/100). Your dexterity was 17 (limit:18). Your constitution was 18 (limit:18). Your intelligence was 13 (limit:18). Your wisdom was 18 (limit:18). Your charisma was 18 (limit:18). Final Status: You were flying. You were not hungry. You were unencumbered. You were empty handed. You were unskilled in bare handed combat. Final Attributes: You were piously aligned. You were magic-protected. You were fire resistant. You were cold resistant. You were sleep resistant. You were disintegration resistant. You were shock resistant. You were poison resistant. You were acid resistant. Your items were protected from acid. You were petrification resistant. You were telepathic. You were invisible. You were displaced. You could jump. You regenerated. You had a large defense bonus (+11). You were warded. You were very fast. You had reflection. You had free action. You were lucky. You had extra luck. Good luck did not time out for you. Asmodeus was impeding your magic regeneration. You survived after being killed once. Miscellaneous: You encountered 1 bones level. Total elapsed playing time was 16 hours, 9 minutes and 59 seconds. Major events: Turn 1: HungryMotu the lawful male human Knight entered the dungeon 396: entered the Gnomish Mines 1193: attained the rank of Esquire (level 3) 2645: destroyed Catomat's ghost, the former Conjurer 3072: attained the rank of Bachelor (level 6) 3441: entered Sokoban 4452: reached Mine Town 5644: was given Excalibur by the Lady of the Lake 6501: completed 1st Sokoban level 6947: completed 2nd Sokoban level 7328: completed 3rd Sokoban level 8075: completed 4th Sokoban level 8322: acquired the Sokoban amulet of reflection 11294: acquired the Mines' End luckstone 11308: attained the rank of Sergeant (level 10) 21012: attained the rank of Knight (level 14) 21428: killed Ixoth 21428: found the Magic Mirror of Merlin carried by a monster 21477: acquired the Bell of Opening 24216: killed Medusa 24581: was bestowed with Snickersnee by Lugh 24997: made his first wish - "blessed greased bag of holding", got "a greased bag" 25907: attained the rank of Banneret (level 18) 28110: performed his first genocide (class e) 30777: entered Gehennom 31930: killed Cerberus 32219: killed Yeenoghu 32565: attained the rank of Chevalier (level 22) 33668: averted death (killed by an Olog-hai) 33691: wished for "blessed magic marker", got "a magic marker" 33728: genocided class L 34413: attained the rank of Seignieur (level 26) 36611: killed Demogorgon 37985: killed the invisible Dispater 38371: killed Juiblex 39307: killed Orcus 39353: wished for "blessed magic marker", got "a magic marker" 39395: wished for "blessed ring of free action", got "a wire ring" 39941: killed Geryon 40815: killed Baalzebub 41580: destroyed Vlad the Impaler 41580: attained the rank of Paladin (level 30) 41643: acquired the Candelabrum of Invocation 44186: killed the invisible Wizard of Yendor 44190: acquired the Book of the Dead 44302: performed the invocation 44598: killed the high priestess of Moloch 44602: acquired The Amulet of Yendor 44870: killed the Wizard of Yendor (for the 2nd time; on level 28, Gehennom) 45416: killed the Wizard of Yendor (for the 3rd time; on level 12, the Dungeons of Doom) 45698: entered the Elemental Planes 45698: entered Plane of Earth 45734: entered Plane of Air 45822: entered Plane of Fire 45937: entered Plane of Water 46174: entered the Astral Plane 46185: wished for "blessed chickatrice corpse", got "a chickatrice corpse" 46188: killed Famine 46190: found Vorpal Blade carried by a monster 46210: killed Famine (for the 2nd time) 46216: ascended Vanquished creatures: Demogorgon Baalzebub Dispater Geryon Orcus Yeenoghu Juiblex the Wizard of Yendor (4 times) Famine (twice) Vlad the Impaler 2 arch-liches a high cleric a mastodon Medusa 5 krakens 6 iron golems a storm giant 2 glass golems 2 balrogs Cerberus 5 purple worms 4 gray dragons 2 gold dragons 7 silver dragons 11 red dragons 3 white dragons 4 orange dragons 5 black dragons 2 blue dragons 7 green dragons 3 yellow dragons 11 minotaurs 6 jabberwocks Ixoth 11 baluchitheria 3 Angels 2 demiliches 2 stone golems 11 Olog-hai 4 master mind flayers 3 Nazgul 29 pit fiends 14 sandestins 11 hell hounds 2 displacer beasts 6 titanotheres 4 trappers a baby white dragon 6 guardian nagas 6 disenchanters 3 genetic engineers 33 vampire leaders 32 shades 124 skeletons 19 aligned clerics 3 captains 7 liches 2 clay golems 6 nurses 17 ice devils 16 nalfeshnees 3 mumakil 7 lurkers above an Aleax 4 frost giants 2 ettins 8 black puddings 42 vampires 3 lieutenants a ranger 4 queen bees 8 winged gargoyles 12 giant mimics 4 orc-captains 7 long worms 10 zruties 6 fire giants 9 ogre tyrants 9 elven monarchs 5 ice trolls 11 rock trolls 13 umber hulks a mind flayer 3 doppelgangers 21 hezrous 29 bone devils 8 large mimics 2 wumpuses a fire vortex 15 stalkers 10 air elementals 15 fire elementals 2 earth elementals 18 water elementals 3 hill giants 2 giant mummies 15 elf-nobles 8 xorns 12 giant zombies 5 sergeants 5 water demons 44 barbed devils 23 vrocks 12 salamanders 5 wargs a winter wolf 4 hell hound pups 18 small mimics a glass piercer 12 warhorses 7 steam vortices 5 xans an ettin mummy 6 ogre leaders 34 trolls 5 quantum mechanics 2 wood golems 4 erinyes 26 mariliths 2 djinn 9 sharks 9 electric eels 8 gelatinous cubes 4 pyrolisks a large dog 2 freezing spheres a flaming sphere a shocking sphere 4 large cats 6 tigers 6 gargoyles 5 tengu 30 ochre jellies 8 leocrottas 3 energy vortices 2 stone giants 4 elf mummies 4 human mummies 5 red nagas 6 green slimes 8 Grey-elves 2 pythons 6 pit vipers a cobra 75 wraiths 8 carnivorous apes 20 ettin zombies 52 soldiers a watchman 20 amorous demons 28 horned devils 10 chameleons 3 crocodiles 14 giant beetles 6 quivering blobs 23 cockatrices 11 wolves 5 winter wolf cubs 3 lynxes 2 panthers 40 gremlins 3 spotted jellies 26 leprechauns 5 mountain nymphs 5 iron piercers 20 giant spiders 3 scorpions 6 horses an ice vortex 7 black lights 7 vampire bats 4 forest centaurs 4 gnome rulers 5 orc mummies 4 dwarf mummies 3 ogres 7 brown puddings 11 Green-elves 14 rust monsters 11 owlbears 5 yetis 4 gold golems 2 werewolves 17 piranha 15 giant eels 12 lizards 8 chickatrices a dingo 4 dogs 3 housecats 7 jaguars 6 water nymphs 3 white unicorns a gray unicorn 3 black unicorns 5 dust vortices 27 ravens 10 plains centaurs 5 gnome mummies 6 Woodland-elves 4 snakes 6 water moccasins 46 ghosts 16 apes 19 human zombies 3 rope golems 16 soldier ants 6 fire ants 15 imps 17 lemures 82 quasits 4 wood nymphs 26 bugbears 11 Uruk-hai 9 rock piercers 4 rock moles 7 ponies 4 fog clouds 11 yellow lights 7 shriekers 6 violet fungi 4 black molds 23 gnome leaders 4 gnomish wizards 3 kobold mummies 4 gray oozes 3 barrow wights 20 elf zombies 29 ghouls a straw golem 3 paper golems 2 jellyfish 14 giant ants 2 little dogs a floating eye 2 kittens 12 dwarves 10 homunculi a kobold leader 3 kobold shamans 6 hill orcs 12 rothes 3 rabid rats 2 centipedes 3 giant bats 3 monkeys 19 orc zombies 10 dwarf zombies 4 wererats a werejackal 6 iguanas 89 killer bees 44 giant flies an acid blob 5 coyotes 3 gas spores 4 hobbits 7 manes 27 hobgoblins 3 giant rats 3 cave spiders 9 brown molds 7 yellow molds 4 green molds 5 red molds 80 gnomes a garter snake 12 gnome zombies 9 geckos a jackal 2 foxes 3 kobolds 7 goblins a sewer rat 5 grid bugs 2 bats 14 lichens 23 kobold zombies 8 newts 2694 creatures vanquished. Genocided species: arch-liches master liches demiliches liches freezing spheres flaming spheres shocking spheres floating eyes gas spores 9 species genocided. Voluntary challenges: You read items or engraved 180 times. You genocided 9 types of monsters. You never polymorphed an object. You never changed form. You used 5 wishes. You did not wish for any artifacts. You were celibate. You did not violate any of the special Sokoban rules. Achievements: You entered the Gnomish Mines. You entered a shop. You attained the rank of Esquire. You attained the rank of Bachelor. You entered Sokoban. You entered Minetown. You entered a temple. You completed Sokoban. You completed the Gnomish Mines. You attained the rank of Sergeant. You attained the rank of Knight. You had the Bell of Opening. You defeated Medusa. You attained the rank of Banneret. You entered Gehennom. You attained the rank of Chevalier. You attained the rank of Seignieur. You attained the rank of Paladin. You had the Candelabrum of Invocation. You handled the Book of the Dead. You gained access to Moloch's Sanctum. You reached the Elemental Planes. You reached the Astral Plane. You delivered the Amulet of Yendor. You ascended! Dungeon overview: The Elemental Planes: Astral Plane: <- You are here. A temple to Lugh. Plane of Water: Plane of Fire: Plane of Air: Plane of Earth: The Dungeons of Doom: levels 1 to 26 Level 1: One way stairs up to The Elemental Planes. Level 2: Stairs down to The Gnomish Mines. Level 3: An armor shop, a tree. Level 4: A delicatessen. Level 5: A tree. Level 6: A grave. Final resting place for Catomat-Wiz-Elf-Fem-Cha, killed by a housecat. Level 7: Some fountains. Oracle of Delphi. Level 8: Stairs up to Sokoban, level 7. Level 9: Level 10: A grave. Level 11: Level 12: Level 13: An altar to Lugh, a fountain. Level 14: A temple, a fountain. Portal to The Quest. Level 15: A scroll shop. Level 16: A fountain. Level 17: Some shops, a fountain. Level 18: Some fountains. Level 19: Some fountains. Level 20: Level 21: A fountain, a tree. Level 22: A fountain, many trees. Level 23: A fountain. Level 24: A fountain, a grave. Level 25: A temple to Lugh, a fountain. Level 26: A fountain. The castle. Connection to Gehennom. Gehennom: levels 27 to 36 Level 27: A temple, many graves. Valley of the Dead. Level 28: Stairs up to Vlad's Tower, level 27. Level 29: Stairs down to Cocytus. Level 30: Stairs down to Asphodel. Level 31: Many trees. Stairs down to Shedaklah. Level 32: A temple, many graves. Stairs up to The Citadel of Dis, level 31. Level 33: Stairs down to The Abyss. Level 34: Stairs up to The Wizard's Tower, level 33. Level 35: Level 36: A temple, many graves. Moloch's Sanctum. The Gnomish Mines: levels 3 to 11 Level 3: Level 4: Level 5: Many shops, a temple, some fountains, some trees. Level 6: Level 7: Level 8: Level 9: Level 10: Level 11: The Quest: levels 1 to 6 Level 1: A throne. Completed quest for King Arthur. Level 2: Level 3: A temple. Level 4: Level 5: Level 6: Sokoban: levels 7 up to 4 Level 4: Solved. Level 5: Solved. Level 6: Solved. Level 7: Solved. Vlad's Tower: levels 27 up to 24 Level 24: A throne. Level 25: Level 26: Level 27: Cocytus: levels 30 to 31 Level 30: Level 31: Asphodel: Level 31: Many trees. Shedaklah: levels 32 to 33 Level 32: A fountain. Level 33: Some shops, an altar, many graves. The Citadel of Dis: Level 31: The Abyss: levels 34 to 36 Level 34: Level 35: Stairs down to Tartarus. Level 36: Tartarus: Level 36: The Wizard's Tower: levels 33 up to 31 Level 31: Level 32: Level 33: Fare thee well HungryMotu the Demigod... You went to your reward with 4027512 points, The Bell of Opening (worth 5000 zorkmids and 12500 points) The Magic Mirror of Merlin (worth 1500 zorkmids and 3750 points) Excalibur (worth 4000 zorkmids and 10000 points) The Candelabrum of Invocation (worth 5000 zorkmids and 12500 points) Snickersnee (worth 1200 zorkmids and 3000 points) 2 amulets of flying (worth 300 zorkmids), 1 amulet of unchanging (worth 150 zorkmids), 1 amulet of reflection (worth 150 zorkmids), 1 amulet of magical breathing (worth 150 zorkmids), 1 amulet of guarding (worth 150 zorkmids), and 3687 pieces of gold, after 46216 moves. You were level 30 with a maximum of 335 hit points when you ascended.